 Dungeon Crawl Stone Soup version 0.25-a0-424-g80bd347ae0 (webtiles) character file.

Game seed: 15542417855523162210, levelgen mode: deterministic

106 Hasart the Insei (level 4, 0/29 HPs)
             Began as an Octopode Transmuter on Jan 20, 2020.
             Slain by a bat (1 damage)
             ... on level 3 of the Dungeon.
             The game lasted 00:03:15 (2724 turns).

Hasart the Insei (Octopode Transmuter)              Turns: 2724, Time: 00:03:15

Health: 0/29       AC:  1    Str:  9    XL:     4   Next: 84%
Magic:  7/7        EV: 14    Int: 16    God:
Gold:   78         SH:  0    Dex: 12    Spells: 6/7 levels left

rFire    . . .     SeeInvis .     - Unarmed
rCold    . . .     Gourm    .   (no shield)
rNeg     . . .     Faith    .   (helmet restricted)
rPois    .         Spirit   .   (no amulet)
rElec    .         Reflect  .   (no ring)
rCorr    .         Harm     .   (no ring)
MR       .....                  (no ring)
Stlth    ++........             (no ring)
HPRegen  0.09/turn              (no ring)
MPRegen  0.10/turn              (no ring)
                                (no ring)
                                (no ring)

@: lethally poisoned (0 -> -14), lightly drained
A: almost no armour, stealthy swim, amphibious, 8 rings, constrict 8, camouflage
1, gelatinous body 1
a: no special abilities


You were on level 3 of the Dungeon.
You were not hungry.

You visited 1 branch of the dungeon, and saw 3 of its levels.

You collected 78 gold pieces.

Inventory:

Missiles
 a - 12 arrows
Scrolls
 d - a scroll of amnesia {unknown}
 g - a scroll of teleportation {unknown}
 h - 2 scrolls of remove curse {unknown}
 i - a scroll of fog {unknown}
 j - a scroll of identify {unknown}
Potions
 b - a potion of flight {unknown}
 e - a potion of resistance {unknown}
 f - 2 potions of haste {unknown}
 k - 2 potions of might {unknown}
 l - 2 potions of agility {unknown}
 m - a potion of curing {unknown}
Comestibles
 c - 3 rations
 n - 8 chunks of flesh


   Skills:
 + Level 2.2(2.0) Fighting
 + Level 2.9(2.6) Dodging
 * Level 4.3(4.1) Unarmed Combat
 - Level 2.0(1.7) Spellcasting
 - Level 2.0(1.7) Transmutations


You had 6 spell levels left.
You knew the following spells:

 Your Spells              Type           Power        Failure   Level  Hunger
a - Beastly Appendage     Tmut           #.....       11%         1    ##.....

Your spell library contained the following spells:

 Spells                   Type           Power        Failure   Level  Hunger
 Sticks to Snakes         Tmut           #.......     16%         2    ###....
 Spider Form              Tmut/Pois      #.........   41%         3    ####...
 Ice Form                 Ice/Tmut       #.......     83%         4    #####..
 Blade Hands              Tmut           #.........   96%         5    ######.


Dungeon Overview and Level Annotations

Branches:
Dungeon (3/15)

Altars:


Innate Abilities, Weirdness & Mutations

You cannot wear most types of armour.
You are very stealthy in the water. (Stealth+)
You are amphibious.
You can wear up to eight rings at the same time.
You can use your tentacles to constrict eight enemies at once.
Your skin changes colour to match your surroundings (Stealth+).
Your rubbery body absorbs attacks. (AC +1, EV +1)


Message History

You feel sick. The bat barely misses you. The adder bites you.
* * * LOW HITPOINT WARNING * * *
You are more poisoned.
The adder poisons you! The quokka misses you. The rat closely misses you.
Unknown command.
You closely miss the adder. You grab the adder. You tentacle-slap the adder.
You squeeze the adder, but do no damage.
The adder is moderately wounded.
You constrict the adder.
* * * LOW HITPOINT WARNING * * *
You feel sick. The bat misses you. The adder completely misses you.
The quokka barely misses you. The rat misses you. The adder misses you.
You tentacle-slap the adder.
The adder is severely wounded.
You constrict the adder.
* * * LOW HITPOINT WARNING * * *
You feel sick. The quokka bites you.
* * * LOW HITPOINT WARNING * * *
The bat hits you.
You die...

#...<..#.## .
#.........##...
#..........b..#.
#.........##...>
#..%............
#............... #####
#.#.............
##...###.#.............
#.....#.......b@r......
#..............Sr....r.
#.....#..##............
##...##..####.#<.......
##.###..# ...........
####...#..# .#?.........
.).......#.#.##.......#.
###......... ##.....##
#.........


You could see an adder, 2 quokkas, a bat and a rat.

Vanquished Creatures
  2 gnolls
  3 adders
  An ooze (D:1)
  A worm (D:3)
  2 leopard geckos
  2 ball pythons (D:1)
  4 bats
  3 giant cockroaches
  8 goblins
  6 hobgoblins
  4 jackals (D:3)
  3 kobolds
  4 quokkas
  4 frilled lizards
  A rat (D:1)
48 creatures vanquished.

Notes
Turn   | Place    | Note
-------+----------+-------------------------------------------
     0 | D:1      | Hasart the Octopode Transmuter began the quest for the Orb.
     0 | D:1      | Reached XP level 1. HP: 13/13 MP: 3/3
   360 | D:1      | You fall into a shaft and drop 1 floor!
   455 | D:2      | Reached XP level 2. HP: 18/18 MP: 5/5
   815 | D:2      | Reached XP level 3. HP: 2/23 MP: 6/6
  1978 | D:1      | Reached skill level 4 in Unarmed Combat
  2005 | D:1      | Reached XP level 4. HP: 29/29 MP: 7/7
  2724 | D:3      | HP: 1/29 [quokka (4)]
  2724 | D:3      | Slain by a bat

Levels and vault maps discovered:
D:1:      sevenhm_arrival_forest_fort_large_1, layout_loops_cross
D:2:      layout_loops_ring
D:3:      layout_loops_ring, gammafunk_temple_overflow_forgotten,
          old_standard_altar

Skill      XL: |  1  2  3 |
---------------+----------+-----
Unarmed Combat | 4 |  4.3
Fighting       | 2 |  2.2
Dodging        | |  2.9
Spellcasting   | |  2.0
Transmutations | |  2.0

Action                   |  1- 3 |  4- 6 || total
-------------------------+-------+-------++-------
Melee: Unarmed           |    84 |    45 ||   129
       Tentacles         |    12 |     7 ||    19
       Constrict         |    22 |     9 ||    31
       Punch             |       |     3 ||     3
 Stab: Sleeping          |     4 |     2 ||     6
  Eat: Chunk             |     3 |     3 ||     6
Armor: Skin              |     5 |     4 ||     9
Dodge: Dodged            |    42 |    29 ||    71

Table legend:
 A = Non-vault XP
 B = Vault XP
 C = Vault XP percentage of total XP
 D = Non-vault monster count
 E = Vault monster count
 F = Vault count percentage of total count
                 A         B        C        D         E       F
            +---------+---------+-------+---------+---------+-------
      Total |     148 |       4 |   2.6 |      45 |       3 |   6.2
            +---------+---------+-------+---------+---------+-------
        D:1 |      35 |       4 |  10.3 |      18 |       3 |  14.3
        D:2 |      52 |       0 |   0.0 |      15 |       0 |   0.0
        D:3 |      61 |       0 |   0.0 |      12 |       0 |   0.0
            +---------+---------+-------+---------+---------+-------
